Map: 2000 Atmospheres LE

Players

Serral - Winner!

  • Race: Zerg Zerg

SpeCial

  • Race: Terran Terran
  • League: Master

Event: TSL 8

VOD

Have the link to the VOD?

Description

Time

  • Played on: Dec. 3, 2021, 11:26 a.m.
  • Length: 12:12

All games in this series

Show
View Real Time Build Order
Export as new Build Order

Serral Zerg - Winner!

Build Orders: Hatch First 

Get SALT Encoding   

  12  0:00  Drone  
  13  0:12  Overlord  
  13  0:16  Drone  
  14  0:31  Drone x2  
  16  0:47  Hatchery  
  15  0:51  Drone  
  15  0:54  Drone  
  17  0:58  Drone  
  18  1:10  Extractor  
  17  1:13  Spawning Pool  
  17  1:16  Drone  
  17  1:20  Drone  
  18  1:29  Drone  
  19  1:39  Drone  
  20  1:50  Drone  
  21  1:59  Queen  
  21  2:00  Queen  
  21  2:01  Zergling x4  
  27  2:12  Drone, Overlord  
  27  2:15  Metabolic Boost  
  28  2:28  Hatchery  
  27  2:31  Drone  
  27  2:33  Drone  
  27  2:36  Drone  
  30  2:39  Drone  
  31  2:46  Queen  
  33  2:51  Overlord  
  33  2:54  Drone  
  33  2:56  Drone  
  33  2:58  Drone  
  36  3:05  Overlord  
  36  3:11  Drone  
  36  3:12  Drone x2  
  38  3:14  Drone  
  38  3:17  Queen  
  41  3:21  Drone  
  41  3:26  Queen  
  42  3:28  Zergling x4  
  46  3:36  Drone x2  
  46  3:39  Queen  
  50  3:42  Drone, Overlord  
  50  3:44  Drone  
  50  3:45  Drone  
  53  3:50  Zergling x2  
  53  3:51  Zergling x2  
  53  3:53  Drone x2  
  57  4:00  Overlord  
  57  4:03  Zergling x2  
  57  4:07  Queen x2  
  57  4:09  Drone x2  
  64  4:10  Drone  
  65  4:18  Roach Warren  
  65  4:20  Drone  
  65  4:25  Overlord  
  65  4:28  Overlord  
  65  4:40  Overlord  
  65  4:43  Extractor  
  65  4:44  Zergling x6  
  65  4:45  Drone x6  
  73  4:46  Lair  
  73  4:50  Overlord  
  73  4:51  Zergling x2  
  74  4:54  Overlord  
  74  4:58  Zergling x2  
  75  5:01  Drone x4  
  75  5:02  Drone  
  75  5:03  Drone  
  81  5:08  Queen, Extractor  
  81  5:11  Drone  
  83  5:14  Drone x2  
  83  5:18  Drone x3  
  83  5:20  Spore Crawler  
  86  5:23  Drone  
  86  5:25  Drone x2  
  86  5:28  Evolution Chamber x2  
  87  5:29  Baneling Nest  
  87  5:34  Drone  
  87  5:36  Drone  
  87  5:37  Drone  
  89  5:44  Drone x4  
  89  5:46  Overseer, Hatchery  
  92  5:50  Drone  
  92  5:54  Zerg Ground Armor Level 1, Zerg Melee Weapons Level 1  
  92  5:56  Extractor x2  
  92  5:57  Drone x2  
  92  5:58  Extractor  
  92  6:00  Drone x3  
  92  6:01  Zergling x6  
  92  6:03  Overlord  
  98  6:07  Overlord  
  98  6:10  Zergling x2  
  99  6:19  Centrifugal Hooks  
  99  6:20  Zergling x14  
  99  6:21  Zergling x2  
  99  6:25  Overseer  
  107  6:31  Overlord  
  107  6:32  Overlord  
  107  6:35  Overlord  
  107  6:37  Zergling x8  
  111  6:42  Baneling x4  
  111  6:43  Baneling x5  
  111  6:45  Drone  
  111  6:47  Spire  
  111  6:48  Hatchery  
  111  6:50  Zergling x4  
  111  7:00  Zergling x24  
  120  7:16  Zergling x4  
  120  7:17  Zergling x8, Queen  
  126  7:22  Overlord  
  126  7:28  Overlord  
  120  7:33  Drone x2  
  122  7:38  Overlord  
  122  7:39  Drone x2  
  124  7:48  Baneling x2  
  123  7:58  Mutalisk x5  
  122  7:59  Roach, Mutalisk x5  
  144  8:06  Zerg Flyer Weapons Level 1  
  144  8:07  Zergling x22  
  155  8:13  Overlord  
  155  8:14  Overlord  
  155  8:15  Baneling x10  
  155  8:25  Pneumatized Carapace  
  155  8:27  Queen  
  157  8:36  Zergling x22  
  157  8:41  Baneling x9  
  167  8:44  Zerg Melee Weapons Level 2  
  162  9:00  Mutalisk x3  
  162  9:02  Zergling x24  
  177  9:12  Overlord  
  169  9:19  Zergling x18  
  175  9:29  Overlord x2  
  175  9:31  Mutalisk x2  
  175  9:32  Mutalisk x3  
  175  9:37  Drone  
  175  9:38  Drone x5, Hatchery  
  189  9:39  Drone, Overlord  
  189  9:42  Overseer  
  191  9:47  Mutalisk x2  
  195  9:56  Hatchery  
  194  10:00  Zergling x2  
  194  10:01  Zergling x10  
  194  10:03  Baneling  
  194  10:04  Baneling x10  
  200  10:12  Zergling x8  
  200  10:14  Baneling x8  
  187  10:30  Zergling x42  
  187  10:33  Baneling x5  
  189  10:36  Baneling x9, Zergling x2  
  190  10:46  Zergling x14  
  193  10:55  Drone  
  188  10:58  Zergling x20  
  190  11:12  Zergling x12  
  190  11:16  Zergling x2  
  196  11:21  Baneling x10  
  196  11:23  Zergling x2  
  196  11:24  Zergling x8  
  184  11:39  Zergling x18  
  170  11:41  Drone x3  
Show
View Real Time Build Order
Export as new Build Order

SpeCial Terran 

Build Orders: 2 Factory, Reaper Expand 

Get SALT Encoding   

  12  0:00  SCV  
  13  0:12  SCV  
  14  0:17  Supply Depot  
  14  0:24  SCV  
  15  0:38  SCV  
  15  0:39  Barracks  
  16  0:43  Refinery  
  16  0:50  SCV  
  17  1:03  SCV  
  18  1:15  SCV  
  19  1:26  Reaper  
  19  1:27  Orbital Command  
  20  1:38  Command Center  
  20  1:47  Supply Depot  
  20  1:53  SCV  
  21  1:58  Marine  
  22  2:05  SCV  
  23  2:10  Factory  
  23  2:17  SCV  
  23  2:21  Barracks Reactor  
  24  2:29  SCV  
  25  2:35  Command Center  
  25  2:41  SCV  
  26  2:51  Orbital Command  
  26  2:53  SCV  
  26  2:57  Factory  
  27  3:03  Refinery  
  27  3:04  Marine  
  32  3:12  Hellion  
  32  3:13  Hellion  
  32  3:18  SCV  
  32  3:19  SCV  
  34  3:22  Marine  
  35  3:32  SCV  
  35  3:34  Hellion x2  
  40  3:35  Starport  
  40  3:40  SCV  
  41  3:41  Factory Tech Lab  
  41  3:44  SCV  
  41  3:47  Orbital Command  
  42  3:55  Hellion  
  44  3:57  SCV x2  
  44  4:02  Hellion  
  48  4:03  Supply Depot, Barracks Tech Lab  
  48  4:08  Hellion  
  50  4:10  Orbital Command  
  50  4:15  Viking  
  52  4:17  SCV x2  
  54  4:25  Supply Depot  
  54  4:29  Marine, Cyclone  
  58  4:32  SCV x2  
  58  4:38  Barracks  
  60  4:41  SCV  
  60  4:44  SCV  
  60  4:45  Barracks  
  62  4:46  Factory Reactor  
  62  4:47  Starport Reactor, Marine  
  62  4:51  Supply Depot  
  62  4:52  SCV  
  64  4:54  SCV  
  64  4:56  SCV  
  64  4:58  Refinery  
  66  5:01  Refinery  
  66  5:05  Cyclone, Marine  
  66  5:06  SCV  
  71  5:11  SCV x2  
  73  5:17  Supply Depot  
  73  5:18  SCV  
  73  5:19  Stimpack  
  74  5:22  Starport Reactor  
  74  5:23  SCV x2  
  74  5:25  Marine  
  74  5:26  Marine  
  78  5:30  SCV  
  78  5:35  SCV x2, Factory Tech Lab  
  80  5:40  Siege Tank  
  80  5:41  Supply Depot  
  80  5:42  SCV, Marine x2  
  85  5:43  Marine  
  85  5:44  Marine  
  85  5:47  SCV  
  85  5:48  SCV  
  91  5:50  Engineering Bay  
  91  5:53  Engineering Bay  
  91  5:55  SCV  
  92  5:59  SCV  
  92  6:03  Medivac x2, SCV  
  98  6:05  Supply Depot, Marine x2  
  98  6:06  Marine  
  101  6:13  Marine x2  
  101  6:18  SCV x2  
  101  6:26  Terran Infantry Weapons Level 1, Siege Tank, SCV, Marine x3  
  101  6:27  Siege Tank  
  101  6:30  SCV  
  101  6:31  Marine x2  
  114  6:39  SCV x2, Terran Infantry Armor Level 1  
  116  6:41  Barracks x2  
  116  6:43  Supply Depot  
  116  6:44  Marine  
  116  6:45  Refinery  
  117  6:51  Supply Depot x2  
  117  7:03  Marine x2  
  117  7:04  Marine x2  
  117  7:05  SCV x2, Siege Tank, Marine  
  117  7:07  SCV  
  112  7:11  Combat Shield  
  111  7:15  Armory  
  111  7:16  Refinery  
  111  7:17  SCV x2  
  111  7:19  SCV  
  111  7:21  Marine x2  
  111  7:22  Marine x2  
  118  7:23  Marine  
  118  7:25  Siege Tank  
  115  7:31  Barracks Reactor  
  115  7:32  Barracks Reactor, SCV x2  
  115  7:37  Siege Tank  
  115  7:39  Marine x2  
  115  7:40  Marine x3  
  123  7:44  Medivac  
  123  7:45  Supply Depot  
  123  7:46  Supply Depot  
  125  7:55  Sensor Tower  
  125  7:56  Marine x2  
  125  7:58  Marine x3  
  129  8:00  Siege Tank  
  133  8:09  Marine x4  
  136  8:14  Marine x2  
  136  8:16  Medivac x2, Marine x3  
  145  8:20  Supply Depot, Command Center  
  145  8:27  Marine x4  
  145  8:31  Supply Depot  
  145  8:32  Siege Tank, Marine x2  
  145  8:33  Supply Depot, Marine x2  
  156  8:34  Marine  
  156  8:35  Terran Infantry Weapons Level 2  
  156  8:39  Terran Infantry Armor Level 2  
  157  8:44  Marine x2  
  157  8:45  Marine x2  
  161  8:50  Marine x2  
  161  8:51  Marine x2  
  164  8:59  Siege Tank  
  164  9:01  Marine  
  164  9:02  Marine  
  168  9:04  Siege Tank, Command Center  
  168  9:05  Marine  
  168  9:06  Marine x2  
  168  9:07  Drilling Claws  
  168  9:08  Marine  
  175  9:11  Marine x2  
  175  9:12  Marine  
  176  9:19  Marine  
  176  9:20  Marine  
  176  9:23  Marine x2  
  176  9:24  Marine  
  179  9:25  Marine  
  179  9:29  Marine x3  
  181  9:42  Missile Turret  
  181  9:44  Barracks  
  181  9:46  Barracks  
  181  9:47  Missile Turret  
  181  9:48  Barracks  
  181  9:51  Marine  
  181  10:07  Marine  
  181  10:10  Marine x2  
  181  10:11  Marine x2  
  181  10:15  Marine  
  181  10:23  Marine  
  181  10:26  Marine x2  
  181  10:27  Marine, Thor  
  181  10:28  Marine x2  
  179  10:29  Marine x2  
  179  10:32  Thor  
  179  10:33  Marine  
  170  10:41  Marine  
  171  10:43  Marine  
  171  10:44  Marine x2  
  171  10:45  Marine x2  
  171  10:46  Marine x2  
  177  10:51  Marine  
  178  10:58  Marine  
  178  11:01  Marine  
  178  11:02  Marine x2  
  178  11:03  Marine x2  
  181  11:04  Marine x2  
  181  11:09  Marine  
  181  11:10  Thor  
  169  11:16  Marine  
  161  11:19  Marine x2  
  161  11:20  Marine  
  161  11:21  Marine x2  
  161  11:22  Marine x2  
  168  11:27  Marine  
  162  11:34  Marine  
  162  11:37  Marine x2  
  162  11:38  Marine  
  162  11:39  Marine x2  
  117  11:40  Marine x2  
  119  11:44  Marine  
  119  11:52  Marine  
Tags
 
Add a new tag
Caveats
  • Supply blocks, unpowered buildings, or Contaminate may cause inaccurate times.
  • Supply counts are checked every 10 seconds.